 Dungeon Crawl Stone Soup version 0.32-a0-485-g70f7560b1c (webtiles) character file.

Game seed: 15934878986523399847

32 snetch the Chopper (level 3, -5/33 HPs)
             Began as a Minotaur Berserker on Feb 26, 2024.
             Was a Follower of Trog.
             Slain by Ijyb
             ... wielding a +0 club
              (6 damage)
             ... on level 4 of the Dungeon.
             The game lasted 00:00:44 (211 turns).

snetch the Chopper (Minotaur Berserker)              Turns: 211, Time: 00:00:44

Health: -5/33      AC:  2    Str: 23    XL:     3   Next: 8%
Magic:  2/2        EV: 12    Int:  4    God:    Trog [*.....]
Gold:   0          SH:  0    Dex:  9    Spells: 2/2 levels left

rFire   . . .        a - +0 hand axe
rCold   . . .        (no shield)
rNeg    . . .        b - +0 animal skin
rPois   .            (helmet restricted)
rElec   .            (no cloak)
rCorr   .            (no gloves)
SInv    .            (no boots)
Will    .....        (no amulet)
Stlth   +            (no ring)
HPRegen 0.25/turn    (no ring)
MPRegen 0.08/turn

%: no passive effects
@: on berserk cooldown, slowed, very slow
A: horns 2, retaliatory headbutt
a: Renounce Religion, Berserk


You were on level 4 of the Dungeon.
You worshipped Trog.
Trog was aware of your devotion.
You visited 1 branch of the dungeon, and saw 4 of its levels.

Inventory:

Hand Weapons
 a - a +0 hand axe (weapon)
Missiles
 d - 2 poisoned darts (quivered)
 e - 9 stones
Armour
 b - a +0 animal skin (worn)
Scrolls
 f - a scroll of amnesia {unknown}
 h - a scroll of fear {unknown}
Potions
 c - a potion of brilliance {unknown}
 g - a potion of heal wounds {unknown}


   Skills:
 + Level 4.3 Fighting
 + Level 4.3 Axes
 + Level 2.6 Armour
 + Level 2.4 Dodging


You had 2 spell levels left.
You didn't know any spells.
Your spell library was empty.

Dungeon Overview and Level Annotations

Branches:
Dungeon (5/15)
 Temple: D:4-7

Altars:

Annotations:
D:4 Ijyb


Innate Abilities, Weirdness & Mutations

You have a pair of horns on your head.
You reflexively headbutt those who attack you in melee.


Message History

Ijyb screams, "You look like good test subject!"
An endoplasm comes into view.
The endoplasm quivers.
You barely miss Ijyb. Ijyb hits you with a +0 club.
Ijyb zaps a wand.
The puff of flame hits you!
Okay, then.
You slash Ijyb!
Ijyb is moderately wounded.
Ijyb zaps a wand.
The puff of flame misses you.
You hit Ijyb. You headbutt Ijyb.
Ijyb is severely wounded.
You hit the endoplasm. The endoplasm freezes you.
You are frozen.
Ijyb hits you with a +0 club. x2
The endoplasm closely misses you.
You hit Ijyb.
Ijyb is severely wounded.
You hit the endoplasm. The endoplasm freezes you.
You are frozen.
* * * LOW HITPOINT WARNING * * *
Ijyb misses you. Ijyb closely misses you. The endoplasm barely misses you.
You hit Ijyb but do no damage. You headbutt Ijyb, but do no damage.
Ijyb is severely wounded.
You hit the endoplasm but do no damage. The endoplasm freezes you.
You are frozen.
* * * LOW HITPOINT WARNING * * *
Ijyb closely misses you.
You hit Ijyb.
Ijyb is almost dead.
You hit the endoplasm.
You kill the endoplasm!
Trog accepts your kill.
Ijyb screams, "Don't stand in way of progress!"
Ijyb hits you with a +0 club.
* * * LOW HITPOINT WARNING * * *
Ijyb hits you with a +0 club.
You die...
Ijyb moans, "Good help so hard to find!"

. ############# ..
#...........###+#.
#...........#...#.
#...........#...+.
+...........#...#.
#@..........###'#.
......g.....####.......)
......<.....#..#........
............#..'........
............#..#........
............####........
#.....####... #########
#..... #....


You could see Ijyb.

Vanquished Creatures
  A jelly (D:4)
  An endoplasm (D:4)
  2 ball pythons
  A goblin (D:4)
5 creatures vanquished.

Notes
Turn   | Place    | Note
-------+----------+-------------------------------------------
     0 | D:1      | snetch the Minotaur Berserker began the quest for the Orb.
     0 | D:1      | Reached XP level 1. HP: 19/19 MP: 0/0
    28 | D:2      | You fall into a shaft and drop 2 floors!
    33 | D:5      | Entered Level 5 of the Dungeon
    33 | D:5      | Noticed an orc warrior
   189 | D:4      | Noticed a jelly
   193 | D:4      | Killed a jelly
   194 | D:4      | Reached XP level 2. HP: 27/27 MP: 1/1
   194 | D:4      | Reached XP level 3. HP: 33/33 MP: 2/2
   203 | D:4      | Noticed Ijyb
   211 | D:4      | HP: 1/33 [Ijyb/+0 club (2)]
   211 | D:4      | Slain by Ijyb

Illustrated notes

Levels and vault maps discovered:
D:1:      dpeg_arrival_tiny_j, layout_loops_corners, serial_bayou,
          serial_bayou_crossing, serial_bayou_shore_a, serial_bayou_pond_d,
          serial_bayou_ford_a, serial_shops, shop
D:2:      layout_rooms, serial_shops, nicolae_diamond_shop, basic_altar,
          uniq_natasha, uniq_robin
D:4:      layout_gridville, mainiacjoe_overflow_tiny_flanked,
          vehumet_altar_wand_db, uniq_ijyb
D:5:      layout_cave_pods, nicolae_overflow_crystal_walls,
          minmay_temple_entry_wispy

Skill      XL: |  1 |
---------------+----+-----
Fighting       | 4 |  4.3
Axes           | 4 |  4.3
Armour         | |  2.6
Dodging        | |  2.4

Action                     || total
---------------------------++-------
  Melee: Hand axe          ||    13
         Headbutt          ||     5
 Invoke: Berserk           ||     1
 Armour: Animal skin       ||    10
  Dodge: Dodged            ||     9

Table legend: (Time is in decaauts)
 A = Elapsed time spent in this place.
 B = Non-inter-level travel time spent in this place.
 C = Inter-level travel time spent in this place.
 D = Time resting spent in this place.
 E = Time spent auto-exploring this place.
 F = Levels seen in this place.
 G = Mean time per level.
                   A        B        C        D        E       F      G
               +--------+--------+--------+--------+--------+-----+--------+
         Total |    215 |    215 |      0 |      0 |    119 |   4 |   53.8 |
       Dungeon |    215 |    215 |      0 |      0 |    119 |   4 |   53.8 |
               +--------+--------+--------+--------+--------+-----+--------+

Top non-repeatable levels by time:
     D:4: 178 daAuts
     D:1: 14 daAuts
     D:2: 13 daAuts
     D:5: 8 daAuts
